 Dungeon Crawl Stone Soup version 0.16-a0-3074-gc0bb631 (webtiles) character file.

13951 Herrn the Cleaver (level 12, -1/97 HPs)
             Began as a Formicid Fighter on Dec 11, 2014.
             Was the Champion of Cheibriados.
             Slain by a 11-headed hydra (10 damage)
             ... on level 11 of the Dungeon.
             The game lasted 00:32:42 (10867 turns).

Herrn the Cleaver (Formicid Fighter)               Turns: 10867, Time: 00:32:43

Health: -1/97      AC: 13    Str: 40    XL:     12   Next: 39%
Magic:  24/24      EV: 18    Int: 24    God:    Cheibriados [******]
Gold:   770        SH: 15    Dex: 25    Spells: 0 memorised, 11 levels left

rFire  . . .     SeeInvis +     v - +1 war axe (elec)
rCold  . . .     Clarity  .     n - +3 ring mail "Orazemur" {rN+ Slay+5 SInv} (curse)
rNeg   + . .     SustAb   .     c - +0 shield
rPois  .         Gourm    .     (helmet unavailable)
rElec  .         Spirit   .     y - +1 cloak
rCorr  +         Warding  .     B - +0 pair of gloves
rMut   .         Stasis   +     (no boots)
MR     +....                    a - amulet of resist corrosion
Stlth  +.........               E - ring of invisibility
                                k - ring of flight

@: very slow, somewhat resistant to hostile enchantments, very unstealthy
A: permanent stasis, dig shafts and tunnels, four strong arms, antennae 3
a: Dig, Shaft Self, Bend Time, Temporal Distortion, Slouch, Step From Time,
Renounce Religion, Evoke Invisibility, Evoke Flight


You were on level 11 of the Dungeon.
You worshipped Cheibriados.
Cheibriados was exalted by your worship.
You were not hungry.

You visited 2 branches of the dungeon, and saw 12 of its levels.

You collected 770 gold pieces.

Inventory:

Hand weapons
 v - a +1 war axe of electrocution (weapon)
 C - a +0 battleaxe
Armour
 b - a +0 scale mail
 c - a +0 shield (worn)
 n - the cursed +3 ring mail "Orazemur" (worn) {rN+ Slay+5 SInv}
   (You found it on level 9 of the Dungeon)

   It affects your accuracy and damage with ranged weapons and melee attacks
   (+5).
   It protects you from negative energy.
   It enhances your eyesight.
   It has a curse placed upon it.
 y - a +1 cloak (worn)
 B - a +0 pair of gloves (worn)
Jewellery
 a - an amulet of resist corrosion (around neck)
 k - a ring of flight (left hand)
 E - a ring of invisibility (right hand)
Magical devices
 m - a wand of random effects (16)
 p - a wand of teleportation (5)
 x - a wand of lightning (6)
 J - a wand of fire (6)
 L - a wand of magic darts (28)
Scrolls
 e - a scroll of vulnerability {unknown}
 f - 2 scrolls of recharging
 g - 2 scrolls of magic mapping
 i - 2 scrolls of amnesia
 l - 2 scrolls of fear
 q - 2 scrolls of enchant weapon
 r - a scroll of enchant armour
 u - a scroll of fog
 F - 3 scrolls of remove curse
Potions
 h - a potion of magic
 o - a potion of lignification
 t - 4 potions of curing
 w - 3 potions of brilliance
 A - a potion of restore abilities
Books
 N - a book of Minor Magic

   Spells                             Type                      Level
   a - Magic Dart                     Conjuration                  1
   b - Blink                          Translocation                2
   c - Call Imp                       Summoning                    2
   d - Repel Missiles                 Charms/Air                   2
   e - Slow                           Hexes                        2
   f - Conjure Flame                  Conjuration/Fire             3
   g - Mephitic Cloud                 Conjuration/Poison/Air       3
Comestibles
 d - 7 bread rations
 j - 8 slices of pizza
 s - 3 meat rations
 z - 4 beef jerkies
 D - a chunk of flesh


   Skills:
 * Level 10.0 Fighting
 * Level 10.9 Axes
 + Level 8.0 Armour
 * Level 7.0 Dodging
 + Level 9.1 Shields
 - Level 6.3 Invocations


You had 11 spell levels left.
You didn't know any spells.

Dungeon Overview and Level Annotations

Branches:
Dungeon (11/15)            Temple (1/1) D:4            Lair (0/8) D:10
    Orc (0/4) D:11

Altars:
Ashenzari
Cheibriados
Dithmenos
Elyvilon
Fedhas
Gozag
Kikubaaqudgha
Makhleb
Nemelex Xobeh
Okawaru
Qazlal
Ru
Sif Muna
Trog
Vehumet
Xom
Yredelemnul
Zin
The Shining One
Beogh


Innate Abilities, Weirdness & Mutations

You are under a permanent stasis effect.
You can dig through walls and to a lower floor.
Your four strong arms can wield two-handed weapons with a shield.
You have a pair of large antennae on your head (SInv).


Message History

You chop one of the nine-headed hydra's heads off!
The eight-headed hydra grows two more!
You slash the ten-headed hydra!
The ten-headed hydra is moderately wounded.
The ten-headed hydra closely misses you.
The ten-headed hydra misses you.
You block the ten-headed hydra's attack.
The ten-headed hydra bites you but does no damage.
You block the ten-headed hydra's attack.
The ten-headed hydra misses you. The ten-headed hydra bites you!
* * * LOW HITPOINT WARNING * * *
The ten-headed hydra bites you.
* * * LOW HITPOINT WARNING * * *
The ten-headed hydra bites you but does no damage.
You block the ten-headed hydra's attack.
You hack one of the ten-headed hydra's heads off!
The nine-headed hydra grows two more!
You slice the 11-headed hydra!!
The 11-headed hydra is heavily wounded.
The 11-headed hydra completely misses you.
You block the 11-headed hydra's attack. The 11-headed hydra bites you!
You die...

#.......([..))###........ D
##......(.###.)##.........
...##.......### #.)#..........
....D.....))#######...........#
#.......)))#.....#.........†##
##..{####))8.....#..........#
#... #..))....#.......#..## #
##.8D.⌠..#.....##....#
#.#.@...#............
#.#.....#.).......###
#.#8._.>#...##....# #
#.#.....#.)###....# #
#.#.....#).# #...###.
#.8..⌠..#..###...###.
..'.....#...##...##.. .
..8.....#...#....##.. ...#
#.#.....#...#.......#


You could see a 11-headed hydra.

Vanquished Creatures
  Josephine (D:11)
  Harold (D:11)
  3 hill giants (D:10)
  Pikel (D:9)
  An ugly thing (D:11)
  Psyche (D:11)
  A centaur skeleton (D:11)
  A two-headed ogre (D:7)
  A troll (D:10)
  Prince Ribbit (D:8)
  A basilisk (D:11)
  A wyvern (D:10)
  3 deep elf magi
  2 hogs (D:8)
  16 yaks
  2 hungry ghosts
  A human (D:8)
  A hippogriff (D:11)
  A mottled dragon (D:11)
  A slave (D:9)
  A black bear (D:7)
  6 ogres
  3 sky beasts
  5 orc warriors (D:11)
  A crocodile (D:7)
  A swamp drake (D:9)
  3 centaurs
  Sigmund (D:2)
  Duvessa (D:8)
  8 giant frogs
  3 big kobolds
  10 killer bees
  A scorpion (D:6)
  2 quasits
  Dowan (D:8)
  5 crimson imps
  A goliath beetle (D:11)
  3 giant frog zombies
  9 orc priests
  A yellow wasp zombie (D:9)
  A hound (D:6)
  An iron imp (D:9)
  2 iguanas
  3 giant frog skeletons
  3 jellies
  9 orc wizards
  8 worker ants
  A sheep (D:8)
  A giant frog simulacrum (D:11)
  A hound skeleton (D:4)
  A hound zombie (D:7)
  A worker ant zombie (D:10)
  14 adders
  4 gnolls (D:3)
  3 shadow imps
  A white imp (D:9)
  4 worms
  An adder zombie (D:5)
  2 adder skeletons
  4 giant geckos
  4 oozes
  43 orcs
  14 bats
  A bat skeleton (D:7)
  6 giant cockroaches
  13 goblins
  20 hobgoblins
  6 jackals
  7 giant newts
  A giant spore (D:9)
  27 kobolds
  An orc zombie (D:6)
  4 quokkas
  A quokka skeleton (D:8)
  A quokka zombie (D:8)
  17 rats
  5 ballistomycetes
  10 plants (D:3)
353 creatures vanquished.

Vanquished Creatures (others)
  A giant frog (D:9)
  A hound (D:9)
  2 orcs
  A quokka (D:9)
  A giant spore (D:6)
6 creatures vanquished.

Grand Total: 359 creatures vanquished

Notes
Turn   | Place    | Note
--------------------------------------------------------------
     0 | D:1      | Herrn, the Formicid Fighter, began the quest for the Orb.
     0 | D:1      | Reached XP level 1. HP: 18/18 MP: 1/1
   105 | D:1      | Reached XP level 2. HP: 24/24 MP: 3/3
   424 | D:1      | Reached XP level 3. HP: 28/30 MP: 4/4
   708 | D:2      | Noticed Sigmund
   718 | D:2      | Killed Sigmund
   718 | D:2      | Reached skill level 4 in Fighting
   718 | D:2      | Reached skill level 1 in Dodging
   718 | D:2      | Reached XP level 4. HP: 23/37 MP: 5/5
   718 | D:2      | Reached XP level 5. HP: 26/42 MP: 7/7
  1845 | D:3      | Reached XP level 6. HP: 35/49 MP: 8/8
  3112 | D:4      | Found a staircase to the Ecumenical Temple.
  3126 | Temple   | Entered the Ecumenical Temple
  3266 | Temple   | Became a worshipper of Cheibriados the Contemplative
  3350 | D:4      | Reached XP level 7. HP: 39/55 MP: 9/9
  3691 | D:4      | Reached skill level 5 in Fighting
  3700 | D:4      | Found a deep blue altar of Sif Muna.
  4126 | D:5      | Entered Level 5 of the Dungeon
  4199 | D:5      | Reached skill level 5 in Axes
  4199 | D:5      | Reached skill level 5 in Shields
  4216 | D:5      | Reached skill level 5 in Armour
  4283 | D:5      | Reached XP level 8. HP: 62/62 MP: 11/11
  5024 | D:6      | Reached skill level 6 in Fighting
  5173 | D:6      | Reached XP level 9. HP: 56/69 MP: 12/12
  5348 | D:7      | Found an ancient bone altar of Kikubaaqudgha.
  5422 | D:7      | Reached skill level 1 in Invocations
  5913 | D:7      | Acquired Cheibriados' first power
  6541 | D:7      | Reached skill level 7 in Axes
  6734 | D:8      | Noticed Duvessa
  6735 | D:8      | Noticed Dowan
  6738 | D:8      | Killed Duvessa
  6757 | D:8      | Killed Dowan
  6961 | D:8      | Found an iron altar of Okawaru.
  7004 | D:8      | Noticed Prince Ribbit
  7022 | D:8      | Killed Prince Ribbit
  7294 | D:8      | Reached XP level 10. HP: 79/79 MP: 17/18
  7334 | D:8      | Acquired Cheibriados' second power
  7974 | D:9      | Noticed Pikel
  7984 | D:9      | Killed Pikel
  7984 | D:9      | Reached skill level 8 in Axes
  7984 | D:9      | Reached skill level 5 in Invocations
  8256 | D:9      | Reached skill level 5 in Dodging
  8531 | D:9      | Acquired Cheibriados' third power
  8603 | D:9      | Got a spiked ring mail
  8614 | D:9      | Identified the cursed +3 ring mail "Orazemur" {rN+ Slay+5 SInv} (You found it on level 9 of the Dungeon)
  8933 | D:10     | Entered Level 10 of the Dungeon
  8933 | D:10     | Noticed a hill giant
  8943 | D:10     | Killed a hill giant
  9213 | D:10     | Found a staircase to the Lair.
  9227 | D:10     | Reached XP level 11. HP: 86/86 MP: 22/22
  9357 | D:10     | Reached skill level 9 in Axes
  9404 | D:10     | Found a glowing golden altar of the Shining One.
  9453 | D:10     | Noticed a hill giant
  9464 | D:10     | Killed a hill giant
  9473 | D:10     | Found a burning altar of Makhleb.
  9640 | D:10     | Noticed a hill giant
  9645 | D:10     | Killed a hill giant
  9834 | D:11     | Noticed a brown ugly thing
  9845 | D:11     | Killed a brown ugly thing
  9970 | D:11     | Reached skill level 10 in Axes
 10297 | D:11     | Noticed Psyche
 10300 | D:11     | Killed Psyche
 10302 | D:11     | Noticed Josephine
 10315 | D:11     | Killed Josephine
 10315 | D:11     | Reached XP level 12. HP: 70/96 MP: 24/24
 10640 | D:11     | Noticed Harold
 10653 | D:11     | Killed Harold
 10654 | D:11     | Found a roughly hewn altar of Beogh.
 10671 | D:11     | Found a staircase to the Orcish Mines.
 10673 | D:11     | Reached skill level 10 in Fighting
 10852 | D:11     | Noticed a seven-headed hydra
 10867 | D:11     | Slain by a 11-headed hydra

Action                   |  1- 3 |  4- 6 |  7- 9 | 10-12 || total
-------------------------+-------+-------+-------+-------++-------
Melee: War axe           |    72 |   389 |   313 |   358 ||  1132
 Abil: Dig               |     2 |     4 |     3 |     2 ||    11
Evoke: Wand              |       |       |     1 |     2 ||     3
  Use: Potion            |     1 |     2 |       |     1 ||     4
       Scroll            |       |       |     6 |    13 ||    19
 Stab: Sleeping          |       |       |       |     1 ||     1
  Eat: Chunk             |       |     9 |    11 |     9 ||    29
